 Dungeon Crawl Stone Soup version 0.30-a0-591-g3c58d2bc28 (webtiles) character file.

Game seed: 14960648386443392411

7 testman the Vexing (level 1, -1/7 HPs)
             Began as a Felid Enchanter on Jan 5, 2023.
             Frozen to death by an endoplasm (5 damage)
             ... on level 1 of the Dungeon.
             The game lasted 00:02:29 (176 turns).

testman the Vexing (Felid Enchanter)                 Turns: 176, Time: 00:02:30

Health: -1/7       AC:  1    Str:  4    XL:     1   Next: 83%
Magic:  4/4        EV: 18    Int: 16    God:
Gold:   2          SH:  0    Dex: 22    Spells: 4/4 levels left
                                        Lives:  0   Deaths: 0

rFire   . . .      SeeInvis +      - Unarmed
rCold   . . .      Faith    .    (shield unavailable)
rNeg    . . .      Spirit   .    (body armour unavailable)
rPois   .          Reflect  .    (helmet unavailable)
rElec   .          Harm     .    (cloak unavailable)
rCorr   .          Rampage  .    (gloves unavailable)
Will    .....                    (boots unavailable)
Stlth   +++                      (no amulet)
HPRegen 0.21/turn                e - +6 ring of dexterity
MPRegen 0.09/turn                (no ring)

@: quick
A: very small, claws 1, fangs 3, see invisible, speed 1, shaggy fur 1, stealthy
paws, no weapons or thrown items, no armour, multi-lived
a: no special abilities


You were on level 1 of the Dungeon.
You visited 1 branch of the dungeon, and saw 1 of its levels.

You collected 2 gold pieces.

Inventory:

Missiles
 f - 3 atropa-tipped darts
Jewellery
 e - a +6 ring of dexterity (left paw)
Scrolls
 b - a scroll of fear {unknown}
 g - a scroll of identify {unknown}
Potions
 a - 2 potions of invisibility
 c - a potion of cancellation {unknown}
 d - a potion of haste {unknown}


   Skills:
 - Level 2.6 Dodging
 + Level 4.2 Stealth
 + Level 1.3 Unarmed Combat
 - Level 2.0 Spellcasting
 - Level 4.4 Hexes
 + Level 0.6 Ice Magic


You had 4 spell levels left.
You didn't know any spells.
Your spell library contained the following spells:

 Spells                   Type           Power      Damage    Failure   Level
 Ensorcelled Hibernation  Hex/Ice        18%        N/A       11%         2
 Confusing Touch          Hex            15%        N/A       11%         3
 Tukima's Dance           Hex            15%        N/A       11%         3
 Dazzling Flash           Conj/Hex       16%        N/A       26%         3
 Malign Gateway           Summ/Tloc      0%         N/A       100%        7
 Summon Horrible Things   Summ           0%         N/A       100%        8


Dungeon Overview and Level Annotations

Branches:
Dungeon (1/15)

Altars:


Innate Abilities, Weirdness & Mutations

You have sharp claws.
You have razor-sharp teeth.
You have supernaturally acute eyesight. (SInv)
You cover ground quickly. (Speed+)
You are covered in fur. (AC +1)
Your paws help you pounce on unaware monsters.
You are incapable of wielding weapons or throwing items.
You cannot wear armour.
You gain extra lives every three experience levels.


Message History

A rat comes into view.
Found a stone staircase leading down.
There is a stone staircase leading down here.
Found 3 atropa-tipped darts.
You pounce on the unaware helpless rat!
You claw the rat!
You kill the rat!
You see here a rat corpse.
You see here 3 atropa-tipped darts.
f - 3 atropa-tipped darts You see here a rat corpse.
There is a stone staircase leading down here.
Found a scale mail.
g - a scroll labelled SATZAW QO VAI You now have 2 gold pieces.
A kobold comes into view. It is wielding a +0 short sword.
You see here a +0 scale mail. 2 goblins and a kobold come into view.
Found a scroll labelled SUXEOV DASCHI.
The kobold shouts! x2; You hear a shout!
You see here a +0 scale mail.
There is a stone staircase leading down here.
A ball python comes into view.
The helpless ball python fails to defend itself.
You claw the ball python!
You kill the ball python!
You start waiting.
A goblin is nearby!
An endoplasm comes into view.
The goblin barely misses you.
The endoplasm quivers.
You scratch the goblin.
You kill the goblin!
You barely miss the endoplasm. The endoplasm freezes you.
You are frozen.
You completely miss the endoplasm. The endoplasm freezes you.
You are frozen.
Ouch! That really hurt!
You die...

#.# ##..#o#..... #.#
#..#######' #.#
#...##..... #.#
##..##..... #.###
###...###... #...#
#...#...##'' #
###.###.#.##......
#####.###.#...#...g#..##
......J@.†).#####.......
.####.###.#...#....#####
# #.###.#.#.....). #.#
#.>.#.###### #.# ##.##.#
#.###..##g# #......##K#
#.......#.######
#......>........


You could see an endoplasm.

Vanquished Creatures
  A goblin (D:1)
  2 hobgoblins (D:1)
  A ball python (D:1)
  A bat (D:1)
  2 rats (D:1)
7 creatures vanquished.

Notes
Turn   | Place    | Note
-------+----------+-------------------------------------------
     0 | D:1      | testman the Felid Enchanter began the quest for the Orb.
     0 | D:1      | Reached XP level 1. HP: 7/7 MP: 4/4
   176 | D:1      | Frozen to death by an endoplasm

Illustrated notes

Levels and vault maps discovered:
D:1:      lordsloth_arrival_two_stooges, layout_loops_ring

Action                   || total
-------------------------++-------
Melee: Unarmed           ||     9
 Stab: Sleeping          ||     6
Dodge: Dodged            ||     1

Table legend: (Time is in decaauts)
 A = Elapsed time spent in this place.
 B = Non-inter-level travel time spent in this place.
 C = Inter-level travel time spent in this place.
 D = Time resting spent in this place.
 E = Time spent auto-exploring this place.
 F = Levels seen in this place.
 G = Mean time per level.
                   A        B        C        D        E       F      G
               +--------+--------+--------+--------+--------+-----+--------+
         Total |    148 |    148 |      0 |     20 |     27 |   1 |  148.0 |
       Dungeon |    148 |    148 |      0 |     20 |     27 |   1 |  148.0 |
               +--------+--------+--------+--------+--------+-----+--------+

Top non-repeatable levels by time:
     D:1: 148 daAuts
